 Dungeon Crawl Stone Soup version 0.29-a0-753-gb7bb9d756e (webtiles) character file.

Game seed: 9461486356731270418

2014 Nattfarinn the Ducker (level 9, -8/67 HPs)
             Began as a Djinni Venom Mage on June 30, 2022.
             Mangled by a shadow (10 damage)
             ... on level 5 of the Dungeon.
             The game lasted 00:13:54 (7295 turns).

Nattfarinn the Ducker (Djinni Venom Mage)           Turns: 7295, Time: 00:13:54

Health: -8/67      AC:  0    Str: 11    XL:     9   Next: 46%
Gold:   293        EV: 15    Int: 17    God:
                   SH:  0    Dex: 14

rFire   + + .      SeeInvis .   p - staff of poison
rCold   x . .      Faith    .   (no shield)
rNeg    . . .      Spirit   .   a - +0 robe
rPois   ∞          Reflect  .   l - +1 helmet
rElec   .          Harm     .   (no cloak)
rCorr   .          Rampage  .   (no gloves)
Will    .....                   (boots unavailable)
Stlth   ++........              (no amulet)
HPRegen 0.21/turn               (no ring)
MPRegen 0.00/turn               (no ring)

@: weak-willed, corroded, flying, very slightly contaminated
A: sickness immunity, fire resistance 2, cold vulnerability 1, float, innate
caster, HP casting, extra vitality 1
a: no special abilities


You were on level 5 of the Dungeon.
You visited 2 branches of the dungeon, and saw 6 of its levels.
You also visited: Sewer.

You collected 293 gold pieces.

Inventory:

Hand Weapons
 r - a +2 dagger of protection
Armour
 a - a +0 robe (worn)
 l - a +1 helmet (worn)
Magical Staves
 p - a staff of poison (weapon)
Jewellery
 q - a ring of fire
 D - an amulet of faith
Wands
 u - a wand of digging (1)
 C - a wand of flame (22)
Scrolls
 c - 8 scrolls of teleportation {unknown}
 e - 2 scrolls of magic mapping {unknown}
 f - 2 scrolls of identify {unknown}
 h - 2 scrolls of enchant armour
 i - 2 scrolls of poison
 j - 2 scrolls of silence {unknown}
 n - 2 scrolls of fog {unknown}
 o - 3 scrolls of fear
 s - 2 scrolls of immolation {unknown}
 t - a scroll of blinking {unknown}
 v - 2 scrolls of vulnerability
 w - a scroll of acquirement {unknown}
 y - a scroll of enchant weapon {unknown}
 E - a scroll of brand weapon {unknown}
 F - a scroll of torment {unknown}
Potions
 b - 2 potions of lignification {unknown}
 d - 2 potions of berserk rage {unknown}
 g - 3 potions of curing {unknown}
 m - 3 potions of attraction {unknown}
 x - 2 potions of invisibility {unknown}
 z - 3 potions of cancellation {unknown}
 A - a potion of might {unknown}
 B - a potion of haste {unknown}
 G - a potion of mutation {unknown}
 H - a potion of flight {unknown}


   Skills:
 + Level 6.8 Fighting
 * Level 7.5 Dodging
 - Level 3.5 Stealth
 + Level 5.0 Spellcasting


You couldn't memorise any spells.
You knew the following spells:

 Your Spells              Type           Power      Damage    Failure   Level
a - Sting                 Tmut/Pois      100%       1d8       1%          1
b - Poisonous Vapours     Pois/Air       64%        N/A       2%          2
c - Mephitic Cloud        Conj/Pois/Air  32%        N/A       5%          3
d - Olgreb's Toxic Radia  Pois           32%        N/A       17%         4
e - Slow                  Hex            84%        N/A       1%          1
f - Ensorcelled Hibernat  Hex/Ice        42%        N/A       2%          2
g - Call Imp              Summ           21%        N/A       2%          2
h - Cause Fear            Hex            10%        N/A       17%         4
Your spell library was empty.

Dungeon Overview and Level Annotations

Branches:
Dungeon (5/15)             Temple (1/1) D:4           Sewer (visited)

Altars:
Cheibriados
Dithmenos
Fedhas
Gozag
Hepliaklqana
Kikubaaqudgha
Nemelex Xobeh
Okawaru
Qazlal
Ru
Sif Muna
Trog
Vehumet
Wu Jian
Yredelemnul
Zin
The Shining One

Shops:
D:3 :


Innate Abilities, Weirdness & Mutations

You are immune to sickness and miasma.
You are immune to poison.
Your flesh is very heat resistant. (rF++)
You are vulnerable to cold. (rC-)
You float through the air rather than walking.
You learn spells naturally, not from books.
Your magical power is your life essence.
You have superior vitality. (+4 MHP)


Message History

The shadow flickers and vanishes!
Deactivating autopickup; reactivate with Ctrl-A.
The jelly barely misses you.
You feel much better.
The shadow strikes at you from the darkness!
* * * LOW HITPOINT WARNING * * *
Reactivating autopickup.
The jelly is engulfed in a cloud of scalding steam.
The jelly misses you. The shadow barely misses you.
You feel much better.
The jelly is engulfed in a cloud of scalding steam.
The jelly completely misses you.
The shadow slips into darkness.
The shadow flickers and vanishes!
Deactivating autopickup; reactivate with Ctrl-A.
The jelly is engulfed in a cloud of scalding steam.
You kill the jelly!
The air fills with toxic fumes!
As you read the scroll labelled TOASES SEMUPT, it crumbles to dust.
It was a scroll of poison.
You feel yourself speed up.
The shadow strikes at you from the darkness!
* * * LOW HITPOINT WARNING * * *
Reactivating autopickup.
The shadow closely misses you. The shadow attacks as you move away!
The shadow hits you.
* * * LOW HITPOINT WARNING * * *
As you read the scroll labelled IHUSTR WACRIRHO, it crumbles to dust.
Magic quickly surges around you.
It was a scroll of vulnerability.
The shadow hits you.
* * * LOW HITPOINT WARNING * * *
As you read the scroll labelled XYOSUE XACHUEB, it crumbles to dust.
You assume a fearsome visage.
The shadow is unaffected.
It was a scroll of fear.
The shadow hits you.
* * * LOW HITPOINT WARNING * * *
As you read the scroll labelled EMUYMU DAVAJU, it crumbles to dust.
It is a scroll of enchant armour.
Your +0 helmet glows green for a moment.
The shadow hits you!
You die...

########## ##§§§§☼§§.##
##§§§§§☼§☼..##
#§☼☼.≈☼§§§.≈.#
##§§W☼§§§§§≈..##
#§§@########...#
#§§##.8..8.#...##
#☼§##.......$##≈.# ##
####☼##..###J##..##.###.
#.§☼§#.. .≈≈ ##..#[.#..
#.#§##.##≈gs. #.##.# #
#.#.#..#..#>) ..#.# #
#...#..#..#⌠. ..#.#.#
#.#.##.##≈... ##(#.#


You could see a shadow (weak-willed).

Vanquished Creatures
  Grinder (D:3)
  Sigmund (D:3)
  2 black bears
  3 kobold brigands (Sewer)
  A gnoll sergeant (D:5)
  6 scorpions
  4 jellies (D:5)
  A hound (D:4)
  Ijyb (D:3)
  3 orc wizards (D:5)
  Natasha (thrice) (D:4)
  4 iguanas (D:5)
  10 adders
  10 gnolls (D:5)
  3 river rats (Sewer)
  A shadow imp (D:5)
  4 worms
  9 orcs
  13 ball pythons
  7 endoplasms
  4 giant cockroaches
  8 goblins
  6 hobgoblins
  10 jackals
  11 kobolds
  9 quokkas
  3 bats
  3 frilled lizards
  9 rats
150 creatures vanquished.

Vanquished Creatures (collateral kills)
  A necrophage (D:5)
1 creature vanquished.

Grand Total: 151 creatures vanquished

Notes
Turn   | Place    | Note
-------+----------+-------------------------------------------
     0 | D:1      | Nattfarinn the Djinni Venom Mage began the quest for the
                  | Orb.
     0 | D:1      | Nattfarinn set off with the following spells memorised:
                  | Sting, Poisonous Vapours, Mephitic Cloud, Olgreb's Toxic
                  | Radiance.
     0 | D:1      | Reached XP level 1. HP: 15/15 MP: 0/0
   202 | D:1      | Reached XP level 2. HP: 20/22 MP: 0/0
   204 | D:1      | Reached skill level 1 in Fighting
  1118 | D:1      | Reached XP level 3. HP: 22/27 MP: 0/0
  1118 | D:1      | Learned a level 1 spell: Slow
  1539 | D:2      | Found a faded altar of an unknown god.
  2226 | D:2      | Reached XP level 4. HP: 23/33 MP: 0/0
  2608 | D:3      | Noticed Sigmund
  2733 | D:3      | Killed Sigmund
  2734 | D:3      | Reached XP level 5. HP: 13/41 MP: 0/0
  2734 | D:3      | Learned a level 2 spell: Ensorcelled Hibernation
  2734 | D:3      | Reached XP level 6. HP: 15/47 MP: 0/0
  3114 | D:3      | Noticed Grinder
  3118 | D:3      | Paralysed by Grinder for 4 turns
  3287 | D:3      | Paralysed by Grinder for 2 turns
  3293 | D:3      | Paralysed by Grinder for 3 turns
  3296 | D:3      | Killed Grinder
  3297 | D:3      | Reached XP level 7. HP: 22/53 MP: 0/0
  3297 | D:3      | Learned a level 2 spell: Call Imp
  3584 | D:3      | Noticed Ijyb
  3594 | D:3      | Killed Ijyb
  3959 | D:3      | Found Reluawn's Book Shoppe.
  4219 | D:4      | Reached skill level 5 in Fighting
  4420 | D:4      | Found a staircase to the Ecumenical Temple.
  4499 | D:4      | Noticed Natasha
  4505 | D:4      | Killed Natasha
  4506 | D:4      | Reached skill level 3 in Dodging
  4636 | D:4      | Found a glowing drain.
  4642 | Sewer    | Entered a sewer
  4784 | Sewer    | Reached XP level 8. HP: 37/60 MP: 0/0
  4951 | Sewer    | Reached skill level 4 in Dodging
  5367 | D:4      | Noticed Natasha
  5373 | D:4      | Killed Natasha
  5442 | Temple   | Entered the Ecumenical Temple
  5756 | D:4      | Noticed Natasha
  5763 | D:4      | Killed Natasha
  5827 | D:4      | Reached skill level 5 in Dodging
  5889 | D:5      | Entered Level 5 of the Dungeon
  6286 | D:5      | Reached skill level 6 in Dodging
  6397 | D:5      | Reached XP level 9. HP: 52/66 MP: 0/0
  6397 | D:5      | Learned a level 4 spell: Cause Fear
  6951 | D:5      | Reached skill level 7 in Dodging
  7047 | D:5      | Reached skill level 5 in Spellcasting
  7288 | D:5      | HP: 3/67 [something (32)]
  7294 | D:5      | HP: 2/67 [shadow (3)]
  7295 | D:5      | Mangled by a shadow

Illustrated notes

Levels and vault maps discovered:
D:1:      onia_arrival_pyramid, layout_basic
D:2:      layout_rooms, ebering_ecumenical_altar_mist, corner_web_ring
D:3:      layout_loops_ring, serial_shops, shop_statue, uniq_ijyb, uniq_sigmund,
          uniq_grinder
D:4:      layout_rooms, minmay_temple_entry_tees, gup_sewer_entry_pipe,
          uniq_natasha
D:5:      layout_cave_pools, gammafunk_temple_overflow_wave, nzn_random_ring
Temple:   minmay_temple_bridge_d

Skill      XL: |  1  2  3  4  5  6  7  8  9 |
---------------+----------------------------+-----
Fighting       | 1 2 3 4 5 6 |  6.8
Stealth        | 2 3 |  3.5
Spellcasting   | 3 4 5 |  5.0
Dodging        | 3 6 7 |  7.5

Action                   |  1- 3 |  4- 6 |  7- 9 || total
-------------------------+-------+-------+-------++-------
Melee: Unarmed           |     1 |     1 |       ||     2
       Staff             |       |     1 |     7 ||     8
 Cast: Sting             |    73 |    34 |   172 ||   279
       Poisonous Vapours |       |     8 |    20 ||    28
       Olgreb's Toxic Ra |       |     1 |    14 ||    15
       Call Imp          |       |       |     7 ||     7
Evoke: Wand              |       |       |     1 ||     1
  Use: Scroll            |       |       |     4 ||     4
       Potion            |       |       |     3 ||     3
Armor: Robe              |     5 |     9 |    15 ||    29
Dodge: Dodged            |    21 |    22 |    67 ||   110

Table legend: (Time is in decaauts)
 A = Elapsed time spent in this place.
 B = Non-inter-level travel time spent in this place.
 C = Inter-level travel time spent in this place.
 D = Time resting spent in this place.
 E = Time spent auto-exploring this place.
 F = Levels seen in this place.
 G = Mean time per level.
                   A        B        C        D        E       F      G
               +--------+--------+--------+--------+--------+-----+--------+
         Total |   7300 |   7144 |    156 |    663 |   5455 |   7 | 1042.9 |
       Dungeon |   6442 |   6306 |    136 |    663 |   4777 |   5 | 1288.4 |
        Temple |    153 |    134 |     19 |      0 |    114 |   1 |  153.0 |
         Sewer |    703 |    703 |      0 |      0 |    564 |   1 |  703.0 |
               +--------+--------+--------+--------+--------+-----+--------+

Top non-repeatable levels by time:
     D:2: 1533 daAuts
     D:1: 1499 daAuts
     D:5: 1409 daAuts
     D:3: 1176 daAuts
     D:4: 824 daAuts
   Sewer: 703 daAuts
  Temple: 153 daAuts
